 Dungeon Crawl Stone Soup version 0.31-a0-43-g46d131a48f (webtiles) character file.

Game seed: 11230109782155949504

185987 Lavandula the Black Sun (level 17, -2/125 HPs)
             Began as a Mummy Venom Mage on May 5, 2023.
             Was a High Priest of Kikubaaqudgha.
             Slain by a naga mage
             ... wielding a +0 spear
              (7 damage)
             ... on level 3 of the Snake Pit on May 19, 2023.
             The game lasted 02:26:43 (38534 turns).

Lavandula the Black Sun (Mummy Venom Mage)         Turns: 38534, Time: 02:26:44

Health: -2/125     AC: 14    Str: 13    XL:     17   Next: 83%
Magic:  10/41      EV:  7    Int: 27    God:    Kikubaaqudgha [*****.]
Gold:   3256       SH: 13    Dex: 12    Spells: 0/38 levels left

rFire   x x .        C - staff of poison
rCold   + . .        B - +1 kite shield of Sif Muna's Pride {rF- rN+ Slay+2}
rNeg    + + +        r - +0 steam dragon scales
rPois   ∞            s - +2 helmet
rElec   .            n - +0 cloak
rCorr   .            K - +0 pair of gloves {hurl}
SInv    +            m - +0 pair of boots
Will    ++...        Q - amulet of regeneration
Stlth   +            S - ring of the Tarantula {Int+6 SInv}
HPRegen 1.20/turn    v - ring of magical power
MPRegen 0.27/turn

%: faith
@: contaminated, glowing, constricted, studying Armour
A: cold resistance 1, negative energy resistance 3, torment resistance 2, heat
vulnerability 1, in touch with death 2, no potions, faith
a: Renounce Religion, Unearth Wretches, Torment


You were on level 3 of the Snake Pit.
You worshipped Kikubaaqudgha.
Kikubaaqudgha was extremely pleased with you.
You visited 6 branches of the dungeon, and saw 30 of its levels.
You also visited: Bailey.

You collected 3978 gold pieces.
You spent 722 gold pieces at shops.

Inventory:

Hand Weapons
 i - a +9 lajatang of speed
 M - the +12 war axe of Unreason {heavy, Will++ Str-2}
   (You found it on level 2 of the Lair of Beasts)

   Str:       It affects your strength (-2).
   Will:      It greatly increases your willpower.
Missiles
 a - 10 javelins (quivered)
 o - 11 curare-tipped darts
 G - 30 poisoned darts
 I - 4 throwing nets
Armour
 h - a +2 leather armour of cold resistance
 j - a +0 robe of fire resistance
 k - a +1 kite shield of reflection
 m - a +0 pair of boots (worn)
 n - a +0 cloak (worn)
 q - the +0 ring mail "Hibuov" {rElec Regen+ Str+7 Int-2}
   (You found it on level 1 of the Snake Pit)

   Str:       It affects your strength (+7).
   Int:       It affects your intelligence (-2).
   rElec:     It insulates you from electricity.
   Regen:     It increases your rate of health regeneration.
 r - +0 steam dragon scales (worn)
 s - a +2 helmet (worn)
 B - the +1 kite shield of Sif Muna's Pride (worn) {rF- rN+ Slay+2}
   (You acquired it on level 1 of the Lair of Beasts)

   Slay:      It affects your accuracy & damage with ranged weapons and melee
   (+2).
   rF:        It makes you vulnerable to fire.
   rN:        It protects you from negative energy.
 E - a +0 troll leather armour
 J - a +2 ring mail of cold resistance
 K - a +0 pair of gloves of hurling (worn)
Magical Staves
 C - a staff of poison (weapon)
 R - the staff of conjuration "Bixour" {rN+ Str+3 Dex-3 SInv}
   (You found it on level 5 of the Lair of Beasts)

   [staff of conjuration]

   Base accuracy: +5 Base damage: 5 Base attack delay: 1.2 This weapon's minimum
   attack delay (0.6) is reached at skill level 12.
   Str:       It affects your strength (+3).
   Dex:       It affects your dexterity (-3).
   rN:        It protects you from negative energy.
   SInv:      It lets you see invisible.
   It falls into the 'Staves' category.
   It is a one-handed weapon.
Jewellery
 c - the amulet "Daduar" {Acrobat Dex+3}
   (You acquired it on level 5 of the Lair of Beasts)

   [amulet of the acrobat]

   It increases your evasion while moving and waiting.
   Dex:       It affects your dexterity (+3).
 t - a +4 ring of protection
 v - a ring of magical power (right hand)
 z - a ring of willpower
 H - a ring of resist corrosion
 Q - an amulet of regeneration (around neck)
 S - the ring of the Tarantula (left hand) {Int+6 SInv}
   (You found it on level 13 of the Dungeon)

   [ring of intelligence]

   Int:       It affects your intelligence (+6).
   SInv:      It lets you see invisible.
 T - a ring of protection from fire
 V - a +5 ring of evasion
 Y - the ring of Waclor {rF+ rC+ SInv}
   (You bought it in a shop on level 2 of the Snake Pit)

   [ring of protection from fire]

   rF:        It protects you from fire.
   rC:        It protects you from cold.
   SInv:      It lets you see invisible.
Wands
 g - a wand of flame (7)
 l - a wand of paralysis (18)
 p - a wand of quicksilver (7)
 w - a wand of roots (1)
 y - a wand of polymorph (10)
 O - a wand of digging (14)
 P - a wand of mindburst (7)
Scrolls
 b - a scroll of magic mapping
 d - a scroll of torment
 e - 8 scrolls of immolation
 f - 6 scrolls of teleportation
 u - a scroll of poison
 x - 3 scrolls of brand weapon
 A - 4 scrolls of vulnerability
 D - 22 scrolls of identify
 L - 3 scrolls of fear
 N - 5 scrolls of blinking
 U - a scroll of enchant weapon
 X - 2 scrolls of amnesia
 Z - a scroll of fog
Miscellaneous
 F - a lightning rod (2/4)
 W - a box of beasts


   Skills:
 - Level 9.0 Fighting
 - Level 6.8(7.2) Axes
 - Level 3.3(7.8) Polearms
 - Level 8.6(9.0) Staves
 - Level 2.6 Throwing
 + Level 9.1 Armour
 - Level 1.5 Dodging
 - Level 1.5 Stealth
 - Level 12.0 Shields
 - Level 11.0 Spellcasting
 - Level 8.0 Conjurations
 - Level 3.5 Hexes
 - Level 19.0 Necromancy
 - Level 4.0 Transmutations
 - Level 4.0 Air Magic
 - Level 6.0 Poison Magic
 - Level 5.0 Evocations


You couldn't memorise any spells.
You knew the following spells:

 Your Spells              Type           Power      Damage    Failure   Level
a - Sting                 Tmut/Pois      100%       1d8       1%          1
b - Poisonous Vapours     Pois/Air       100%       N/A       1%          2
c - Mephitic Cloud        Conj/Pois/Air  63%        N/A       2%          3
d - Olgreb's Toxic Radia  Pois           63%        N/A       7%          4
e - Animate Dead          Necr           100%       N/A       1%          4
f - Dispel Undead         Necr           100%       3d31      1%          4
g - Anguish               Hex/Necr       53%        N/A       1%          4
h - Infestation           Necr           66%        N/A       22%         8
i - Ignite Poison         Fire/Tmut/Pois 49%        N/A       6%          3
j - Irradiate             Conj/Tmut      23%        3d19      21%         5

Your spell library contained the following spells:

 Spells                   Type           Power      Damage    Failure   Level
 Necrotise                Necr           100%       1d9       0%          1
 Vampiric Draining        Necr           100%       2d13      0%          3
 Kiss of Death            Conj/Necr      100%       2d13      1%          1
 Magic Dart               Conj           100%       1d8       1%          1
 Cigotuvi's Dreadful Rot  Necr/Pois/Air  100%       N/A       1%          2
 Searing Ray              Conj           100%       2d8       1%          2
 Agony                    Necr           100%       N/A       1%          5
 Stone Arrow              Conj/Erth      72%        3d11      4%          3
 Confusing Touch          Hex            33%        N/A       6%          3
 Tukima's Dance           Hex            33%        N/A       6%          3
 Fulminant Prism          Conj/Hex       23%        3d12      8%          4
 Iskenderun's Battlesphe  Conj           55%        2d11      9%          5
 Vhi's Electric Charge    Tloc/Air       50%        N/A       11%         3
 Portal Projectile        Hex/Tloc       48%        N/A       12%         3
 Call Canine Familiar     Summ           14%        N/A       26%         3
 Simulacrum               Ice/Necr       49%        N/A       26%         6
 Summon Lightning Spire   Summ/Air       25%        N/A       36%         4
 Leda's Liquefaction      Hex/Erth       12%        N/A       38%         4
 Freezing Cloud           Conj/Ice/Air   18%        6-21      41%         5
 Yara's Violent Unravell  Hex/Tmut       17%        3d8       45%         5
 Animate Armour           Summ/Erth      28%        N/A       63%         4
 Passage of Golubria      Tloc           14%        N/A       63%         4
 Haunt                    Necr/Summ      49%        N/A       82%         7
 Iron Shot                Conj/Erth      18%        9d4       94%         6
 Spellforged Servitor     Conj/Summ      18%        N/A       100%        7
 Lehudib's Crystal Spear  Conj/Erth      18%        10d5      100%        8
 Maxwell's Capacitive Co  Air            18%        ∞         100%        8
 Blade Hands              Tmut           Unusable   N/A       N/A         5
 Dragon Form              Tmut           Unusable   N/A       N/A         7

Dungeon Overview and Level Annotations

Branches:
Dungeon (15/15)            Temple (1/1) D:4            Lair (5/5) D:8
 Shoals (4/4) Lair:3        Snake (3/4) Lair:3        Slime (0/5) Lair:4
    Orc (2/2) D:11            Elf (0/3) Orc:2        Vaults (0/5) D:13
 Depths (0/4) D:15         Bailey (visited)

Altars:
Ashenzari
Fedhas
Hepliaklqana
Kikubaaqudgha
Makhleb
Nemelex Xobeh
Qazlal
Ru
Sif Muna
Uskayaw
Vehumet
Wu Jian
Xom
Yredelemnul
Jiyva

Shops:
Orc:2 [(*!!   Snake:2 =

Annotations:
D:6 3 runed translucent doors, anet's ghost, novice MiBe
Shoals:3 Mara; Roxanne
Shoals:4 Polyphemus


Innate Abilities, Weirdness & Mutations

You are immune to poison.
Your flesh is cold resistant. (rC+)
You are immune to negative energy. (rN+++)
You are immune to unholy pain and torment.
You are vulnerable to heat. (rF-)
You are strongly in touch with the powers of death.
You do not drink.
You have a special connection with the divine. (Faith)


Message History

Unknown command.
Casting: Infestation (quite dangerous; 22% risk of failure)
Confirm with . or Enter, or press ? or * to list all spells.
You erupt in a fountain of uncontrolled magic!
The naga is blasted with magical radiation!!
You kill the naga!
Kikubaaqudgha accepts your kill.
The mana viper is blasted with magical radiation!!!
The mana viper is almost dead.
The naga is blasted with magical radiation!!
The naga is severely wounded.
The naga mage is blasted with magical radiation!
The naga mage is moderately wounded.
The naga mage twists and deforms.
The naga warrior is blasted with magical radiation!!
The naga warrior is moderately wounded.
You are very lightly contaminated with residual magic.
A death scarab bursts from the naga!
The naga hits you with a +0 glaive of venom!!
The mana viper bites you.
You feel your power leaking away.
The naga warrior hits you with a +0 short sword!!
The guardian serpent hits you! The naga mage spits poison at you.
You block the splash of poison. The naga mage constricts you.
Unknown command.
Casting: Irradiate (dangerous; 21% risk of failure)
Confirm with . or Enter, or press ? or * to list all spells.
You miscast Irradiate.
Multicoloured lights dance before your eyes.
You are contaminated with residual magic.
Your death scarab closely misses the guardian serpent.
You block the mana viper's attack. The guardian serpent barely misses you.
The naga hits you with a +0 glaive of venom!!
* * * LOW HITPOINT WARNING * * *
The naga warrior hits you with a +0 short sword!
* * * LOW HITPOINT WARNING * * *
The naga mage hits you with a +0 spear!
You die...
Kikubaaqudgha rasps: "You have failed me!
Welcome... oblivion!"

...#.# #.#.....# ..#
....... #.#.....# #.#
....... ##.#.....# #.#
....... #..>.....#+#.##
....... #..............
.....B. #.....!.#......
....... #.......#......
.?....S###.......+....#.
#S@N#.......####.#.
##NN.......... ..#.
#.#........######.
#.#........# #.
#.##.####### #. #.##..
#. #.###.. #. #.# ... #.
...


You could see a naga warrior (infested), a mana viper (infested), a guardian
serpent (infested, ally target), a naga mage (infested, catching breath,
misshapen), a naga (infested) and a friendly death scarab.

Vanquished Creatures
  Rupert (Orc:2)
  2 krakens
  Donald (Shoals:2)
  An orc warlord (Orc:2)
  An ironbound preserver (D:13)
  A stone giant (D:15)
  Snorg (Lair:4)
  3 merfolk impalers
  Josephine (D:15)
  A yaktaur captain (D:14)
  A rakshasa (D:14)
  An ice dragon (D:15)
  2 hydras
  2 catoblepae
  4 centaur warriors
  4 anacondas
  A merfolk avatar (Shoals:3)
  2 satyrs
  8 two-headed ogres
  7 boulder beetles
  A death knight (D:14)
  A merfolk aquamancer (Shoals:2)
  2 naga warriors
  5 death yaks (Lair:5)
  4 shock serpents
  2 tengu warriors
  2 orc high priests
  Sonja (Orc:2)
  7 skysharks
  A salamander mystic (Snake:1)
  6 skeletal warriors
  Lodul (D:11)
  8 sea snakes
  A naga ritualist (Snake:3)
  5 orc knights
  4 deep elf pyromancers
  A wolf spider (D:13)
  3 harpies
  2 mana vipers
  A necromancer (D:14)
  2 orc sorcerers
  11 ugly things
  9 fauns
  2 merfolk sirens
  6 cyclopes
  8 manticores
  3 salamanders
  An elephant (Lair:5)
  11 black mambas
  3 water nymphs
  A rime drake (Lair:5)
  An unseen horror (shapeshifter) (D:13)
  9 cane toads
  8 komodo dragons
  A freezing wraith (D:14)
  2 unseen horrors
  6 merfolk
  A tyrant leech (Lair:5)
  A hydra zombie (D:13)
  7 trolls
  14 blink frogs
  2 saltlings (Orc:2)
  2 hornets (D:9)
  5 wind drakes
  4 snapping turtles
  Prince Ribbit (D:6)
  A tarantella (shapeshifter) (D:15)
  10 slime creatures
  A vampire (D:13)
  4 wyverns
  A centaur simulacrum (D:15)
  35 yaks
  A water elemental (Shoals:1)
  6 wraiths
  A golden eye (shapeshifter) (D:15)
  A warg (Orc:2)
  6 vampire mosquitoes
  4 basilisks
  2 steam dragons
  13 nagas
  11 water moccasins
  An acid dragon (D:9)
  36 orc warriors
  6 black bears
  A sky beast (D:7)
  3 boggarts (D:15)
  2 ice beasts
  10 ogres
  7 wolves (Lair:1)
  5 centaurs
  17 bullfrogs
  A kobold brigand (D:10)
  2 gnoll sergeants
  6 scorpions
  8 wights
  13 killer bees
  5 electric eels
  3 howler monkeys
  A hound (D:6)
  A jelly (D:5)
  14 orc priests
  2 gnoll boudas
  Jessica (D:3)
  A sleepcap (D:6)
  3 iguanas
  27 orc wizards
  13 gnolls
  9 adders
  6 river rats (Lair:5)
  2 white imps
  A worm (D:4)
  8 dart slugs
  92 orcs
  4 ball pythons
  4 endoplasms
  3 giant cockroaches
  10 goblins
  7 hobgoblins
  3 jackals
  5 kobolds
  3 quokkas
  7 bats
  4 frilled lizards
  4 rats
  3 tentacles
685 creatures vanquished.

Vanquished Creatures (collateral kills)
  A kraken (Shoals:2)
  2 nagarajas
  An orc warlord (Orc:2)
  3 hydras (Lair:5)
  A salamander tyrant (Snake:1)
  A catoblepas (Lair:3)
  2 ogre magi
  2 merfolk avatars
  4 anacondas
  A boulder beetle (Lair:5)
  7 two-headed ogres
  4 death yaks (Lair:5)
  6 centaur warriors
  A satyr (Shoals:3)
  3 naga warriors
  4 shock serpents (Snake:1)
  2 naga sharpshooters (Snake:1)
  A skyshark (Shoals:3)
  A salamander mystic (Snake:1)
  12 sea snakes
  5 naga ritualists
  2 orc knights (Orc:2)
  10 mana vipers
  A deep elf pyromancer (D:10)
  6 fauns
  9 harpies
  7 ugly things
  3 cyclopes (D:13)
  3 orc sorcerers (Orc:2)
  4 manticores
  6 salamanders
  5 merfolk sirens
  11 naga magi
  A water nymph (shapeshifter) (D:10)
  4 guardian serpents (Snake:1)
  16 black mambas
  14 cane toads
  4 water nymphs
  3 komodo dragons
  2 yaktaurs
  A rime drake (Lair:1)
  A freezing wraith (D:10)
  7 merfolk
  3 wind drakes
  A tyrant leech (Lair:5)
  3 blink frogs
  6 saltlings (Orc:2)
  3 snapping turtles
  2 slime creatures
  9 yaks
  3 shadows
  6 water elementals
  A wyvern (D:9)
  3 steam dragons
  A basilisk (Lair:5)
  4 vampire mosquitoes
  A warg (Orc:2)
  16 nagas
  7 water moccasins
  2 black bears (D:8)
  4 ogres
  3 orc warriors (Orc:2)
  3 wolves (Lair:1)
  3 bullfrogs
  An electric eel (Lair:5)
  A howler monkey (D:7)
  A sleepcap (D:6)
  2 hell rats (Lair:5)
  6 orc wizards
  An adder (D:6)
  4 river rats (Lair:5)
  9 orcs
  A hobgoblin (D:7)
294 creatures vanquished.

Vanquished Creatures (others)
  2 merfolk impalers (Shoals:3)
  4 hydras
  2 merfolk aquamancers (Shoals:1)
  An anaconda (Snake:3)
  An alligator snapping turtle (Shoals:3)
  A two-headed ogre (D:10)
  A naga sharpshooter (Snake:1)
  A shock serpent (Snake:1)
  2 skysharks
  3 naga ritualists
  A sea snake (Shoals:3)
  2 orc knights
  4 harpies
  4 ugly thing zombies
  2 orc sorcerers (Orc:2)
  A mana viper (Snake:1)
  A wolf spider (D:13)
  7 manticores
  A cyclops (D:13)
  A salamander (Snake:1)
  2 merfolk sirens
  2 naga magi (Snake:2)
  A guardian serpent (Snake:3)
  3 black mambas
  5 cane toads
  A death yak zombie (Lair:5)
  A yaktaur zombie (D:14)
  2 gargoyles
  2 sea snake zombies
  3 merfolk (Shoals:3)
  A harpy zombie (Shoals:2)
  2 trolls (Orc:2)
  A hydra zombie (Lair:5)
  A tarantella zombie (D:15)
  An ice dragon zombie (D:15)
  A vampire (D:12)
  A black mamba zombie (Lair:3)
  2 yaks (Lair:1)
  3 wind drake zombies
  A warg (Orc:2)
  A human zombie (D:14)
  5 nagas
  10 merfolk zombies
  4 skyshark zombies
  3 two-headed ogre zombies
  A faun zombie (Shoals:1)
  2 cane toad zombies (Lair:1)
  An acid dragon (D:11)
  A tengu zombie (D:12)
  A water moccasin (Lair:3)
  9 orc warriors
  6 blink frog zombies
  6 manticore zombies
  2 ogres
  An elephant zombie (Lair:5)
  A wolf (Lair:1)
  2 kobold zombies
  A rime drake zombie (Lair:5)
  A vampire mosquito zombie (Lair:5)
  2 komodo dragon zombies (Lair:5)
  A water moccasin zombie (Lair:1)
  A wight (D:9)
  A warg zombie (Orc:2)
  8 yak zombies
  4 troll zombies (Orc:2)
  6 bullfrog zombies
  4 centaur zombies
  2 orc priests (Orc:2)
  3 black bear zombies
  An orc wizard (Orc:2)
  6 killer bee zombies
  8 ogre zombies
  A hell rat zombie (Lair:5)
  A howler monkey zombie (D:6)
  A gnoll (D:12)
  An iguana zombie (D:6)
  A gnoll zombie (D:10)
  4 river rat zombies (Lair:5)
  A ball python zombie (D:12)
  A jackal zombie (D:14)
  78 orc zombies
  A rat zombie (Lair:5)
  14 tentacles
287 creatures vanquished.

Grand Total: 1266 creatures vanquished

Notes
Turn   | Place    | Note
-------+----------+-------------------------------------------
     0 | D:1      | Lavandula the Mummy Venom Mage began the quest for the Orb.
     0 | D:1      | Reached XP level 1. HP: 13/13 MP: 4/4
   225 | D:1      | Reached XP level 2. HP: 19/19 MP: 3/6
   228 | D:1      | Learned a level 2 spell: Poisonous Vapours
   835 | D:1      | Gained mutation: You are in touch with the powers of death.
                  | [Mummy growth]
   835 | D:1      | Reached XP level 3. HP: 17/24 MP: 1/8
   964 | D:1      | Found a faded altar of an unknown god.
  1009 | D:2      | Learned a level 3 spell: Mephitic Cloud
  1756 | D:3      | Reached XP level 4. HP: 22/30 MP: 6/9
  1792 | D:3      | You fall into a shaft and drop 1 floor!
  1795 | D:4      | Found a staircase to the Ecumenical Temple.
  1814 | Temple   | Entered the Ecumenical Temple
  1835 | Temple   | Became a worshipper of Kikubaaqudgha
  1849 | D:4      | Learned a level 4 spell: Olgreb's Toxic Radiance
  1855 | D:4      | Found a hazy altar of Hepliaklqana.
  2029 | D:3      | Noticed Jessica
  2035 | D:3      | Killed Jessica
  2660 | D:3      | Reached * piety under Kikubaaqudgha
  2660 | D:3      | Received a gift from Kikubaaqudgha
  2661 | D:3      | Reached XP level 5. HP: 35/35 MP: 7/10
  3019 | D:4      | Reached skill level 5 in Poison Magic
  3126 | D:4      | Reached XP level 6. HP: 41/41 MP: 2/11
  3227 | D:4      | Found a shimmering altar of Xom.
  3227 | D:4      | Found a sparkling altar of Nemelex Xobeh.
  3266 | D:5      | Entered Level 5 of the Dungeon
  3684 | D:5      | Found a burning altar of Makhleb.
  3716 | D:5      | Reached ** piety under Kikubaaqudgha
  3717 | D:5      | Reached skill level 5 in Spellcasting
  3717 | D:5      | Reached XP level 7. HP: 39/46 MP: 11/14
  3722 | D:5      | Learned a level 4 spell: Animate Dead
  3779 | D:5      | Reached skill level 1 in Polearms
  4452 | D:6      | Found a runed translucent gate.
  4488 | D:6      | Found a runed translucent gate.
  4489 | D:6      | Found a runed translucent gate.
  4522 | D:6      | Reached skill level 1 in Necromancy
  4527 | D:6      | Learned a level 4 spell: Dispel Undead
  4617 | D:6      | Noticed anet's ghost (novice MiBe)
  4644 | D:6      | Reached skill level 2 in Necromancy
  4644 | D:6      | Reached XP level 8. HP: 52/52 MP: 5/17
  5053 | D:6      | Reached skill level 3 in Necromancy
  5150 | D:6      | Reached skill level 4 in Necromancy
  5294 | D:6      | Found a blossoming altar of Fedhas.
  5307 | D:6      | Reached skill level 5 in Necromancy
  5315 | D:6      | Reached skill level 6 in Necromancy
  5362 | D:6      | Reached *** piety under Kikubaaqudgha
  5362 | D:6      | Received a gift from Kikubaaqudgha
  5363 | D:6      | Reached skill level 7 in Necromancy
  5523 | D:6      | Noticed Prince Ribbit
  5530 | D:6      | Killed Prince Ribbit
  5531 | D:6      | Reached skill level 1 in Evocations
  5531 | D:6      | Reached XP level 9. HP: 57/57 MP: 6/18
  6101 | D:7      | Found a flagged portal.
  6110 | Bailey   | Entered a bailey
  6201 | Bailey   | Reached skill level 5 in Evocations
  6202 | Bailey   | Reached skill level 1 in Fighting
  6443 | Bailey   | Noticed an orc knight
  6461 | Bailey   | Killed an orc knight
  6462 | Bailey   | Reached skill level 5 in Fighting
  6537 | Bailey   | Reached XP level 10. HP: 35/76 MP: 13/19
  6679 | Bailey   | Reached **** piety under Kikubaaqudgha
  7093 | D:7      | Found a broken altar of Ashenzari.
  7236 | D:7      | Reached skill level 1 in Shields
  7826 | D:8      | Reached skill level 5 in Shields
  8413 | D:8      | Found a staircase to the Lair.
  9005 | D:9      | Reached skill level 1 in Armour
  9280 | D:9      | Found an ornate altar of the Wu Jian Council.
  9385 | D:9      | Reached ***** piety under Kikubaaqudgha
  9546 | D:9      | Reached XP level 11. HP: 83/83 MP: 20/20
  9555 | D:9      | Reached skill level 5 in Armour
  9679 | D:9      | Found a sacrificial altar of Ru.
  9681 | D:9      | Found a shimmering blue altar of Sif Muna.
  9835 | D:9      | Found a basalt altar of Yredelemnul.
 10288 | D:10     | Entered Level 10 of the Dungeon
 10465 | D:10     | Noticed a two-headed ogre
 10471 | D:10     | Noticed a two-headed ogre
 10527 | D:9      | Upgraded the game from 0.31-a0-5-g84e6b3452c to
                  | 0.31-a0-14-gc80a10f4b6
 10770 | D:10     | Killed a two-headed ogre
 10972 | D:10     | Killed a two-headed ogre
 11202 | D:10     | Noticed a brown ugly thing
 11220 | D:10     | Killed a cyan ugly thing
 11357 | D:10     | Found a radiant altar of Vehumet.
 11427 | D:10     | Learned a level 4 spell: Anguish
 11857 | D:10     | Noticed a boulder beetle
 11868 | D:10     | Killed a boulder beetle
 11902 | D:10     | Noticed a two-headed ogre
 11914 | D:10     | Killed a two-headed ogre
 11915 | D:10     | Reached skill level 1 in Hexes
 12015 | D:10     | Reached skill level 8 in Necromancy
 12015 | D:10     | Noticed an ogre mage
 12021 | D:10     | Killed an ogre mage
 12180 | D:10     | Reached skill level 9 in Necromancy
 12464 | D:10     | Found a blossoming altar of Fedhas.
 12535 | D:11     | Noticed a two-headed ogre
 12591 | D:11     | Noticed Lodul
 12604 | D:11     | Killed Lodul
 12732 | D:11     | Your ally Lodul died
 12761 | D:11     | Reached skill level 10 in Necromancy
 13114 | D:11     | Reached XP level 12. HP: 55/89 MP: 19/21
 13323 | D:11     | Found a staircase to the Orcish Mines.
 13325 | D:11     | Killed a two-headed ogre
 13836 | D:11     | Reached skill level 11 in Necromancy
 14441 | D:11     | Noticed a two-headed ogre
 14456 | D:11     | Killed a two-headed ogre
 14667 | D:12     | Got the Spellbook of Panentheism
 14790 | D:12     | Noticed a boulder beetle
 14803 | D:12     | Killed a boulder beetle
 14894 | D:12     | Reached skill level 1 in Air Magic
 16212 | Orc:1    | Entered Level 1 of the Orcish Mines
 16482 | Orc:2    | Entered Level 2 of the Orcish Mines
 16517 | Orc:2    | Found a shimmering altar of Xom.
 16523 | Orc:2    | Found a staircase to the Elven Halls.
 16740 | Orc:2    | Noticed Rupert
 16755 | Orc:2    | Killed Rupert
 16910 | Orc:2    | Found Mauhedgh's Distillery.
 17040 | Orc:2    | Noticed a two-headed ogre
 17049 | Orc:2    | Killed a two-headed ogre
 17119 | Orc:2    | HP: 4/94 [saltling (12)]
 17130 | Orc:2    | Gained mutation: You are strongly in touch with the powers
                  | of death. [Mummy growth]
 17130 | Orc:2    | Reached XP level 13. HP: 8/100 MP: 6/25
 17429 | Orc:2    | Reached skill level 1 in Staves
 17658 | Orc:2    | Noticed Sonja
 17667 | Orc:2    | Killed Sonja
 17682 | Orc:2    | Your ally Sonja died
 17861 | Orc:2    | Noticed an orc warlord
 17874 | Orc:2    | Killed an orc warlord
 17884 | Orc:2    | Reached skill level 5 in Staves
 18020 | Orc:2    | Found Daihu's Distillery.
 18205 | Orc:2    | Found Sahimi's Weapon Boutique.
 18208 | Orc:2    | Found Omil's Assorted Antiques.
 18237 | Orc:2    | Found Siroz's Antique Armour Shop.
 18252 | Orc:2    | Bought a pair of glowing gloves for 247 gold pieces
 18778 | Orc:1    | Noticed an orc warlord
 18902 | Lair:1   | Entered Level 1 of the Lair of Beasts
 19470 | Lair:1   | Reached skill level 1 in Throwing
 20051 | Lair:1   | Identified a scroll of acquirement
 20052 | Lair:1   | Acquired the +1 kite shield of Sif Muna's Pride {rF- rN+
                  | Slay+2}
 20223 | Lair:2   | Identified the +12 war axe of Unreason {heavy, Will++
                  | Str-2}
 20368 | Lair:2   | Reached XP level 14. HP: 84/108 MP: 26/26
 20376 | Lair:2   | Reached skill level 1 in Axes
 21778 | Lair:3   | Found a staircase to the Shoals.
 21906 | Lair:3   | Found a staircase to the Snake Pit.
 22380 | Lair:4   | Noticed Snorg
 22385 | Lair:4   | Killed Snorg
 22386 | Lair:4   | Reached skill level 5 in Axes
 22488 | Lair:4   | You fall into a shaft and drop 1 floor!
 22488 | Lair:5   | Entered Level 5 of the Lair of Beasts
 23006 | Lair:4   | Found a staircase to the Slime Pits.
 23012 | Lair:4   | Found a viscous altar of Jiyva.
 23791 | Lair:5   | Reached ****** piety under Kikubaaqudgha
 23879 | Lair:5   | Acquired a +7 lajatang of speed
 24079 | Lair:5   | Received a gift from Kikubaaqudgha
 24089 | Lair:5   | Learned a level 8 spell: Infestation
 24139 | Lair:5   | Reached skill level 10 in Spellcasting
 24152 | Lair:5   | Acquired the amulet "Daduar" {Acrobat Dex+3}
 24330 | Lair:5   | Reached skill level 12 in Necromancy
 25007 | Lair:5   | Identified the staff of conjuration "Bixour" {rN+ Str+3
                  | Dex-3 SInv}
 25340 | D:12     | Reached skill level 13 in Necromancy
 25346 | D:12     | Reached XP level 15. HP: 113/113 MP: 16/29
 25558 | D:13     | Identified the ring of the Tarantula {Int+6 SInv}
 25934 | Shoals:1 | Entered Level 1 of the Shoals
 26420 | Shoals:1 | Upgraded the game from 0.31-a0-14-gc80a10f4b6 to
                  | 0.31-a0-18-gea43df2a32
 26427 | Shoals:1 | Reached skill level 14 in Necromancy
 26970 | Shoals:2 | Noticed Donald
 26976 | Shoals:2 | Noticed a kraken
 26984 | Shoals:2 | Killed Donald
 26987 | Shoals:2 | Killed a kraken
 26988 | Shoals:2 | Reached skill level 15 in Necromancy
 27041 | Shoals:2 | Noticed a kraken
 27199 | Shoals:2 | Learned a level 3 spell: Ignite Poison
 27670 | Shoals:2 | Killed a kraken
 27892 | Shoals:3 | Identified Roxanne's Almanac of Alteration
 27892 | Shoals:3 | Noticed Roxanne
 28005 | Shoals:3 | Reached skill level 16 in Necromancy
 28107 | Shoals:3 | Noticed Mara
 28260 | Snake:1  | Entered Level 1 of the Snake Pit
 28261 | Snake:1  | Upgraded the game from 0.31-a0-18-gea43df2a32 to
                  | 0.31-a0-43-g46d131a48f
 29119 | D:13     | Reached skill level 17 in Necromancy
 29188 | D:13     | Reached XP level 16. HP: 109/120 MP: 4/30
 29455 | D:13     | Found a gate to the Vaults.
 30194 | D:13     | Reached skill level 10 in Shields
 31059 | D:14     | Noticed Josephine
 31072 | D:15     | Entered Level 15 of the Dungeon
 31079 | D:15     | Killed Josephine
 31183 | D:15     | Found a staircase to the Depths.
 33140 | D:14     | Found a shimmering blue altar of Sif Muna.
 33470 | D:14     | Reached skill level 18 in Necromancy
 33990 | Shoals:3 | Noticed Lavandula's illusion
 34590 | Shoals:3 | Noticed Lavandula's illusion
 34924 | Shoals:3 | Noticed a kraken
 34929 | Shoals:3 | Killed a kraken
 34981 | Shoals:4 | Entered Level 4 of the Shoals
 34981 | Shoals:4 | Noticed Polyphemus
 35300 | Snake:1  | Reached skill level 19 in Necromancy
 35577 | Snake:1  | Reached XP level 17. HP: 76/125 MP: 27/31
 35664 | Snake:1  | Reached skill level 1 in Conjurations
 35702 | Snake:1  | Identified the +0 ring mail "Hibuov" {rElec Regen+ Str+7
                  | Int-2}
 35760 | Snake:1  | Learned a level 5 spell: Irradiate
 36016 | Snake:1  | Reached skill level 5 in Conjurations
 36017 | Snake:1  | Reached skill level 1 in Transmutations
 36920 | Snake:2  | Found Yvvoiggy's Jewellery Emporium.
 36928 | Snake:2  | Bought the ring of Waclor {rF+ rC+ SInv} for 475 gold
                  | pieces
 37786 | Snake:3  | Identified the +10 dire flail of Evil {protect, Fragile
                  | rElec MP+9}
 38534 | Snake:3  | HP: 5/125 [naga warrior/+0 short sword (13)]
 38534 | Snake:3  | Slain by a naga mage

Illustrated notes

Levels and vault maps discovered:
D:1:      tarquinn_simple_flora_water_b, layout_rooms,
          shapermc_ecumenical_altar_mp_vishouse, nicolae_figureground_pulse
D:2:      layout_rooms, roderic_lattice_a, grunt_ministairs_11
D:3:      layout_basic, chequers_garden, dk_noncrumbling_4, uniq_jessica
D:4:      layout_rooms, amethyst_overflow_temple_binary,
          nicolae_hepliaklqana_hazy_memory, minmay_temple_entry_statues_pillars,
          columned_hall_lemuel, kennysheep_orc_chapel
D:5:      layout_loops_cross, mainiacjoe_overflow_concentric_impassable,
          overflow_temple_1_default
D:6:      layout_cave_pods, ebering_ghost_rock_garden, minmay_ruined_shrine,
          uniq_prince_ribbit1
D:7:      layout_basic, nicolae_overflow_crystal_walls, enter_bailey_4
D:8:      layout_gridville, grunt_lair_entry_orc_guard_hut,
          minmay_stone_trees_large
D:9:      layout_irregular_city, mainiacjoe_overflow_catwalk_spiral,
          lemuel_crystal_altar, marbit_many_paths, minmay_diced_spiral
D:10:     minmay_slanted_spiral_squares, layout_basic,
          mainiacjoe_overflow_cross_hatched, fedhas_altar_4
D:11:     layout_loops_corners, hiddenorc2_lemuel, uniq_lodul
D:12:     layout_roguey, hangedman_fish_farm
D:13:     hangedman_arrow_trap, layout_layer_cave,
          skrybe_vaults_entry_preservation
D:14:     layout_basic, led_sif_pool, uniq_josephine
D:15:     grunt_enter_depths_giant_problem, layout_stronghold
Temple:   compressed_dpeg_circular_temple
Lair:1:   layout_misc_corridors, patterned_corridor
Lair:2:   layout_long_grid, infiniplex_staircase_pool
Lair:3:   layout_cave_pods, elwin_shoals_entry_rocks,
          guppyfry_snake_entry_garden, infiniplex_staircase_pool_2
Lair:4:   layout_cave_pods, dpeg_slime_entry_corner, wad_woods_03,
          grunt_megastairs_4, uniq_snorg
Lair:5:   minmay_lair_end_frog_pond, layout_gridlike, serial_bayou_lagoon_a,
          chequers_serial_rivers_room_a, kennysheep_rathole, grunt_megastairs_5,
          serial_bayou_shore_b
Shoals:1: layout_shoals
Shoals:2: layout_shoals, uniq_donald
Shoals:3: layout_shoals, uniq_roxanne, uniq_mara
Shoals:4: shoals_end_hangedman, layout_shoals, shoals_ilsuiw_ice,
          overgrown_statue, uniq_polyphemus
Snake:1:  nicolae_snake_attic_fulla_snakes, layout_rooms, grunt_ministairs_10,
          nicolae_snake_magic_snake_eye
Snake:2:  nicolae_sea_snake_s, layout_basic, serial_shops, shop,
          nicolae_snake_springs
Snake:3:  layout_basic, basic_altar
Orc:1:    layout_diamond_mine
Orc:2:    hellmonk_orc_salted, layout_diamond_mine, serial_shops,
          nicolae_shop_hallway_plus, basic_altar, nicolae_orc_lava_room,
          uniq_rupert, uniq_sonja

Skill      XL: |  1  2  3  4  5  6  7  8  9 10 11 12 13 14 15 16 17 |
---------------+----------------------------------------------------+-----
Spellcasting   | 3 5 6 8 10 11 | 11.0
Poison Magic   | 3 4 5 6 |  6.0
Polearms       | 3 |  3.3
Necromancy     | 2 7 10 11 13 17 19 | 19.0
Evocations     | 1 5 |  5.0
Fighting       | 5 6 8 9 |  9.0
Shields        | 9 12 | 12.0
Armour         | 4 9 |  9.1
Hexes          | 2 3 |  3.5
Air Magic      | 4 |  4.0
Staves         | 8 |  8.6
Throwing       | 2 |  2.6
Axes           | 6 |  6.8
Conjurations   | 8 |  8.0
Transmutations | 4 |  4.0
Dodging        | |  1.5
Stealth        | |  1.5

Action                     |  1- 3 |  4- 6 |  7- 9 | 10-12 | 13-15 | 16-18 || total
---------------------------+-------+-------+-------+-------+-------+-------++-------
  Melee: Unarmed           |     6 |       |       |       |       |       ||     6
         Dagger            |    41 |    35 |       |       |       |       ||    76
         Punch             |     1 |       |       |     2 |       |       ||     3
         Spear             |       |     7 |    70 |   225 |       |       ||   302
         Staff             |       |       |       |    97 |   102 |   372 ||   571
         War axe           |       |       |       |       |   178 |       ||   178
  Throw: Javelin           |       |       |       |       |       |     2 ||     2
   Cast: Sting             |    49 |    38 |     3 |     1 |       |       ||    91
         Poisonous Vapours |     1 |       |       |       |       |       ||     1
         Olgreb's Toxic Ra |       |    10 |    46 |   162 |   190 |    76 ||   484
         Mephitic Cloud    |       |     1 |     8 |    20 |    27 |    19 ||    75
         Animate Dead      |       |       |     2 |    15 |    19 |    12 ||    48
         Dispel Undead     |       |       |       |     8 |     1 |    19 ||    28
         Anguish           |       |       |       |     9 |    35 |    20 ||    64
         Ignite Poison     |       |       |       |       |     4 |    30 ||    34
         Infestation       |       |       |       |       |       |    28 ||    28
         Irradiate         |       |       |       |       |       |    22 ||    22
 Invoke: Unearth Wretches  |       |       |       |     7 |    17 |    14 ||    38
         Torment           |       |       |       |       |     5 |       ||     5
         Receive Forbidden |       |       |       |       |     1 |       ||     1
  Evoke: Wand              |       |       |     2 |     2 |     5 |     3 ||    12
         Lightning rod     |       |       |       |       |       |    10 ||    10
         Box of beasts     |       |       |       |       |       |     1 ||     1
    Use: Scroll            |       |     2 |     7 |     6 |    10 |     8 ||    33
   Stab: Sleeping          |       |     1 |     3 |       |     1 |       ||     5
         Distracted        |       |       |     1 |     3 |     5 |     3 ||    12
         Confused          |       |       |     1 |     3 |     1 |     5 ||    10
         Paralysed         |       |       |       |     2 |     3 |     2 ||     7
 Armour: Robe              |    11 |       |       |       |       |       ||    11
         Leather armour    |     3 |    18 |    11 |       |       |       ||    32
         Steam dragon scal |       |       |    19 |   116 |   140 |   148 ||   423
  Dodge: Dodged            |    39 |    31 |    42 |   122 |   152 |   144 ||   530
  Block: Kite shield       |       |       |       |   130 |   251 |   308 ||   689
         Buckler           |       |       |       |     2 |       |       ||     2

Table legend: (Time is in decaauts)
 A = Elapsed time spent in this place.
 B = Non-inter-level travel time spent in this place.
 C = Inter-level travel time spent in this place.
 D = Time resting spent in this place.
 E = Time spent auto-exploring this place.
 F = Levels seen in this place.
 G = Mean time per level.
                   A        B        C        D        E       F      G
               +--------+--------+--------+--------+--------+-----+--------+
         Total |  38925 |  35931 |   2994 |   4364 |  24717 |  31 | 1255.6 |
       Dungeon |  21072 |  19305 |   1767 |   2266 |  13787 |  15 | 1404.8 |
        Temple |     28 |     21 |      7 |      0 |      6 |   1 |   28.0 |
          Lair |   7237 |   6520 |    717 |    276 |   5153 |   5 | 1447.4 |
        Shoals |   3753 |   3389 |    364 |    743 |   1715 |   4 |  938.2 |
     Snake Pit |   3286 |   3244 |     42 |    280 |   2075 |   3 | 1095.3 |
  Orcish Mines |   2620 |   2525 |     95 |    374 |   1637 |   2 | 1310.0 |
        Bailey |    926 |    926 |      0 |    425 |    343 |   1 |  926.0 |
               +--------+--------+--------+--------+--------+-----+--------+

Top non-repeatable levels by time:
    D:11: 2320 daAuts
   Orc:2: 2098 daAuts
    D:10: 2071 daAuts
    D:13: 1966 daAuts
    D:15: 1930 daAuts
     D:9: 1790 daAuts
    D:12: 1664 daAuts
 Snake:2: 1593 daAuts
  Lair:5: 1550 daAuts
  Lair:4: 1538 daAuts
     D:6: 1523 daAuts
  Lair:3: 1503 daAuts
     D:8: 1438 daAuts
     D:5: 1397 daAuts
  Lair:1: 1375 daAuts
